 Dungeon Crawl Stone Soup version 0.32-a0-918-g0f22ef8d61 (webtiles) character file.

Game seed: 12926840443448689943

50 sleeves the Conjurer (level 3, -2/19 HPs)
             Began as a Tengu Earth Elementalist on Apr 11, 2024.
             Slain by an adder (4 damage)
             ... on level 2 of the Dungeon.
             The game lasted 00:01:37 (1384 turns).

sleeves the Conjurer (Tengu Earth Elementalist)     Turns: 1384, Time: 00:01:37

Health: -2/19      AC:  2    Str:  8    XL:     3   Next: 79%
Magic:  13/17      EV: 11    Int: 17    God:
Gold:   69         SH:  0    Dex: 14    Spells: 7/8 levels left

rFire   . . .        o - +0 dagger (venom)
rCold   . . .        (no shield)
rNeg    . . .        a - +0 robe
rPois   .            (helmet restricted)
rElec   .            (no cloak)
rCorr   .            (no gloves)
SInv    .            (boots unavailable)
Will    .....        (no amulet)
Stlth   ++           j - ring of magical power
HPRegen 0.23/turn    (no ring)
MPRegen 0.15/turn

%: acrobat
@: no status effects
A: beak, talons 3, acrobatic
a: no special abilities


You were on level 2 of the Dungeon.
You visited 1 branch of the dungeon, and saw 2 of its levels.

You collected 69 gold pieces.

Inventory:

Hand Weapons
 o - a +0 dagger of venom (weapon)
   (You took it off a goblin on level 2 of the Dungeon)
Armour
 a - a +0 robe (worn)
Jewellery
 j - a ring of magical power (left hand)
   (You found it on level 1 of the Dungeon)
 k - an amulet of magic regeneration
   (You found it on level 1 of the Dungeon)
 m - a ring of poison resistance
   (You found it on level 1 of the Dungeon)
Scrolls
 f - a scroll of teleportation {unknown}
 i - a scroll of immolation {unknown}
 l - 2 scrolls of butterflies {unknown}
 q - 5 scrolls of identify {unknown}
 r - a scroll of enchant weapon {unknown}
Potions
 b - 2 potions of magic
 c - 3 potions of ambrosia {unknown}
 d - 2 potions of curing {unknown}
 e - 2 potions of brilliance {unknown}
 g - a potion of haste {unknown}
 h - 2 potions of mutation {unknown}
 n - a potion of resistance {unknown}
 p - a potion of invisibility {unknown}
 s - a potion of enlightenment {unknown}


   Skills:
 - Level 2.1 Dodging
 - Level 2.0 Stealth
 + Level 3.0 Spellcasting
 + Level 3.4 Conjurations
 - Level 2.1 Earth Magic


You had 7 spell levels left.
You knew the following spells:

 Your Spells              Type           Power      Damage    Failure   Level
a - Sandblast             Erth           18%        2d7       7%          1

Your spell library contained the following spells:

 Spells                   Type           Power      Damage    Failure   Level
 Sting                    Conj/Alch      32%        1d5       9%          1
 Apportation              Tloc           4%         N/A       17%         1
 Necrotise                Necr           8%         1d4       17%         1
 Summon Small Mammal      Summ           8%         N/A       17%         1
 Stone Arrow              Conj/Erth      24%        3d8       17%         3
 Passwall                 Erth           9%         N/A       22%         3
 Brom's Barrelling Bould  Conj/Erth      12%        2d4       50%         4
 Petrify                  Alch/Erth      6%         N/A       73%         4


Dungeon Overview and Level Annotations

Branches:
Dungeon (2/15)

Altars:


Innate Abilities, Weirdness & Mutations

You have a beak for a mouth.
You have claws for feet.
You can magically evade attacks while moving or waiting.


Message History

Welcome, sleeves the Tengu Earth Elementalist.
The heart of this dungeon contains the splendid artefact, the Orb of Zot.
Press ? for a list of commands and other information.
Found 5 stones, 5 gold pieces and a smoky clear potion.
Found a staircase leading out of the dungeon.
As you open the door, it creaks loudly!
Found a whip.
There is an open door here.
You now have 5 gold pieces.
c - a smoky clear potion
d - a sapphire potion An endoplasm comes into view.
The endoplasm quivers.
The endoplasm moves out of view.
Found a white potion.
An endoplasm is nearby!
An endoplasm is nearby!
The blast of sand hits the endoplasm.
The endoplasm is heavily wounded.
The blast of sand hits the endoplasm.
You kill the endoplasm!
Magic restored.
A frilled lizard comes into view.
A frilled lizard is nearby!
A frilled lizard is nearby!
A frilled lizard is nearby!
The frilled lizard hisses angrily.
The blast of sand hits the frilled lizard.
You kill the frilled lizard!
e - a white potion You see here a frilled lizard corpse.
You see here a frilled lizard corpse.
A dart slug comes into view.
Found a stone staircase leading down.
A dart slug is nearby!
A dart slug is nearby!
The blast of sand hits the dart slug!
The dart slug is almost dead.
A kobold comes into view. It is wielding a +0 dagger.
The kobold moves out of view.
You miscast Sandblast.
You are very lightly contaminated with residual magic.
Nothing appears to happen.
A dart slug is nearby!
A dart slug is nearby!
A dart slug is nearby!
The blast of sand hits the dart slug!
You kill the dart slug!
A kobold is nearby!
A kobold is nearby!
A kobold is nearby!
The blast of sand hits the kobold.
You kill the kobold!
* * * LOW MAGIC WARNING * * *
Your Conjurations skill increases to level 2!
Your magical contamination has completely faded away.
f - a scroll labelled VUM UCADOUB A ball python comes into view.
A ball python is nearby!
A ball python is nearby!
The blast of sand hits the ball python.
You kill the ball python!
You have reached level 2!
g - a yellow potion
There is a stone staircase leading down here.
h - a black potion A bat comes into view.
A bat is nearby!
The blast of sand misses the bat.
The bat hits you. The bat hits you but does no damage.
The blast of sand hits the bat.
You kill the bat!
You see here a bat corpse.
Found a stone staircase leading down.
A ball python comes into view.
A ball python is nearby!
A ball python is nearby!
The blast of sand hits the ball python!
You kill the ball python!
You pick up a book of Cantrips and begin reading...
You add the spells Sting, Necrotise, Summon Small Mammal and Apportation to your library.
Found a spear.
You see here a +0 spear.
Found a robe.
You see here a +0 robe.
A jackal comes into view.
A jackal is nearby!
A jackal is nearby!
A jackal is nearby!
Found a ring mail.
The blast of sand hits the jackal.
The jackal is severely wounded.
The jackal barks!
You hear a bark! x2
A jackal comes into view.
The jackal barks!
The blast of sand hits the jackal!
You kill the jackal!
A jackal comes into view. x3
The blast of sand misses the jackal.
The jackal barks!
The jackal closely misses you. The jackal misses you.
The jackal attacks as it pursues you!
The jackal bites you but does no damage.
The jackal closely misses you. The jackal misses you.
The jackal completely misses you.
You see here a +0 robe.
The jackal attacks as it pursues you! The jackal bites you.
The jackal attacks as it pursues you! The jackal closely misses you.
The jackal stops to sniff the ground.
The blast of sand hits the jackal.
You kill the jackal!
The jackal completely misses you.
The blast of sand hits the jackal!
You kill the jackal!
A jackal comes into view.
The jackal barely misses you.
The blast of sand hits the jackal.
The jackal is moderately wounded.
The jackal barks!
The jackal barely misses you. The jackal misses you.
The blast of sand misses the jackal.
The blast of sand hits the jackal.
You kill the jackal!
* * * LOW MAGIC WARNING * * *
The jackal barely misses you. The jackal completely misses you.
You are out of magic!
You hit the jackal but do no damage. Your kick misses the jackal.
The jackal is moderately wounded.
The jackal bites you but does no damage. x2
You closely miss the jackal.
The jackal is moderately wounded.
The jackal closely misses you.
You hit the jackal.
The jackal is severely wounded.
The jackal bites you but does no damage. x2
You hit the jackal but do no damage.
The jackal is severely wounded.
The jackal closely misses you.
The blast of sand hits the jackal but does no damage.
The jackal is severely wounded.
* * * LOW MAGIC WARNING * * *
The jackal barely misses you. The jackal bites you.
You closely miss the jackal. Your peck misses the jackal.
The jackal is heavily wounded.
The jackal closely misses you. The jackal barely misses you.
You closely miss the jackal. Your kick misses the jackal.
The jackal is heavily wounded.
The jackal bites you but does no damage.
You hit the jackal. Your kick misses the jackal.
The jackal is almost dead.
The jackal bites you but does no damage.
You closely miss the jackal.
The jackal is almost dead.
The jackal closely misses you. x2
You barely miss the jackal.
The jackal is almost dead.
The jackal bites you.
You barely miss the jackal. You claw the jackal.
You kill the jackal!
The jackal barely misses you.
You closely miss the jackal. Your peck misses the jackal.
The jackal closely misses you.
You closely miss the jackal. You peck the jackal, but do no damage.
The jackal barely misses you.
The jackal bites you but does no damage.
You hit the jackal but do no damage. Your kick misses the jackal.
The jackal bites you.
The blast of sand hits the jackal!
You kill the jackal!
* * * LOW MAGIC WARNING * * *
HP restored.
Things that are here:
a jackal corpse; a jackal corpse
Things that are here:
a +0 robe; a jackal corpse A bat comes into view.
A bat is nearby!
A bat is nearby!
A bat is nearby!
The bat completely misses you. The bat barely misses you.
You hit the bat.
The bat is moderately wounded.
The bat completely misses you.
You miscast Sandblast.
You are very lightly contaminated with residual magic.
Nothing appears to happen.
The bat hits you.
The blast of sand hits the bat.
The bat is severely wounded.
The bat hits you but does no damage. The bat hits you.
The blast of sand hits the bat!
You kill the bat!
You can't see any susceptible monsters within range! (Use Z to cast anyway.)
Your magical contamination has completely faded away.
A bat comes into view.
A bat is nearby!
A bat is nearby!
A bat is nearby!
No target in view!
You can't see any susceptible monsters within range! (Use Z to cast anyway.)
A bat comes into view.
The bat moves out of view.
A frilled lizard comes into view.
A frilled lizard is nearby!
Found 6 gold pieces.
The blast of sand hits the frilled lizard!
You kill the frilled lizard!
Okay, then.
There are monsters nearby!
There are monsters nearby!
There are monsters nearby!
There are monsters nearby!
The bat closely misses you.
The blast of sand hits the bat!
You kill the bat!
A quokka comes into view.
Found a scroll labelled LIUTRU ACHU.
There are monsters nearby!
The blast of sand misses the bat.
The bat hits you but does no damage.
The blast of sand hits the bat.
You kill the bat!
The blast of sand hits the quokka.
You kill the quokka!
You now have 11 gold pieces (gained 6).
i - a scroll labelled LIUTRU ACHU A hobgoblin comes into view.
The hobgoblin shouts!
A hobgoblin is nearby!
The blast of sand hits the hobgoblin.
The hobgoblin is moderately wounded.
The blast of sand misses the hobgoblin.
The hobgoblin hits you.
The blast of sand hits the hobgoblin.
The hobgoblin is severely wounded.
The hobgoblin completely misses you.
The blast of sand hits the hobgoblin.
You kill the hobgoblin!
You have reached level 3!
Your experience leads to an increase in your attributes!
Increase (S)trength, (I)ntelligence, or (D)exterity?
You feel clever. x2
b - 2 potions of magic (gained 1)
You see here a hobgoblin corpse.
A hobgoblin comes into view.
A hobgoblin is nearby!
A hobgoblin is nearby!
A hobgoblin is nearby!
The blast of sand hits the hobgoblin.
The hobgoblin is heavily wounded.
The hobgoblin shouts!
The blast of sand hits the hobgoblin!
You kill the hobgoblin!
You now have 24 gold pieces (gained 13).
A rat comes into view.
A rat is nearby!
A rat is nearby!
A rat is nearby!
The blast of sand hits the rat!
You kill the rat!
A ball python comes into view.
The ball python hisses angrily.
A ball python is nearby!
A ball python is nearby!
A ball python is nearby!
The blast of sand hits the ball python.
You kill the ball python!
A quokka comes into view.
A quokka is nearby!
A quokka is nearby!
A quokka is nearby!
A giant cockroach comes into view.
A kobold comes into view. It is wielding a +0 dagger.
Found a stone staircase leading down.
The blast of sand hits the quokka!
You kill the quokka!
The kobold shouts!
You hear an angry hiss.
A ball python comes into view.
Your Conjurations skill increases to level 3!
The blast of sand hits the ball python.
You kill the ball python!
The kobold misses you.
The blast of sand hits the kobold.
You kill the kobold!
The giant cockroach bites you.
The blast of sand hits the giant cockroach.
The giant cockroach is severely wounded.
The giant cockroach bites you. x2
The blast of sand hits the giant cockroach.
You kill the giant cockroach!
A ball python comes into view.
A ball python is nearby!
A ball python is nearby!
A ball python is nearby!
You can't see any susceptible monsters within range! (Use Z to cast anyway.)
Found a black potion.
Things that are here:
a +0 dagger; a kobold corpse The blast of sand hits the ball python.
The ball python is severely wounded.
You miscast Sandblast.
You are very lightly contaminated with residual magic.
Nothing appears to happen.
The ball python barely misses you. The ball python closely misses you.
A ball python is nearby!
A ball python is nearby!
The blast of sand hits the ball python.
You kill the ball python!
* * * LOW MAGIC WARNING * * *
Your magical contamination has completely faded away.
Found a mace.
h - 2 black potions (gained 1)
You see here a +0 mace.
A hobgoblin comes into view.
You see here 8 gold pieces.
A hobgoblin is nearby!
The blast of sand hits the hobgoblin!
You kill the hobgoblin!
You now have 32 gold pieces (gained 8).
You see here a hobgoblin corpse.
A kobold comes into view. It is wielding a +0 dagger.
The kobold shouts!
A kobold is nearby!
A kobold is nearby!
The blast of sand hits the kobold.
The kobold is moderately wounded.
The blast of sand hits the kobold.
You kill the kobold!
j - a ring of magical power You feel your magic capacity increase.
j - a ring of magical power (left hand)
k - an amulet of magic regeneration
Found 3 stones.
l - a scroll labelled ENKAZXA ZYISK You see here 3 stones.
m - a ring of poison resistance
Things that are here:
a +2 whip of draining; a +0 dagger
Found 7 stones.
You see here 7 stones.
There is a fountain of clear blue water here.
There is a fountain of clear blue water here.
Things that are here:
a +0 dagger; a kobold skeleton Done exploring.
Done exploring.
Done exploring.
There is a stone staircase leading down here.
You climb downwards.
Found a pink potion.
There is a stone staircase leading up here.
n - a pink potion
Found a stone staircase leading down.
l - 2 scrolls labelled ENKAZXA ZYISK (gained 1)
There is a stone staircase leading down here.
A goblin comes into view. It is wielding a +0 dagger of venom.
A goblin is nearby!
A goblin is nearby!
Found 13 gold pieces.
The blast of sand hits the goblin!
You kill the goblin!
Magic restored.
You now have 46 gold pieces (gained 14).
You now have 59 gold pieces (gained 13).
You see here a +0 dagger of venom.
o - a +0 dagger of venom Your +0 dagger of venom begins to drip with poison!
o - a +0 dagger of venom (weapon)
You open the door.
There is an open door here.
Found a spear.
Found a leather armour.
e - 2 white potions (gained 1)
You see here a +0 spear.
Found a stone staircase leading up.
As you open the door, it creaks loudly!
Found 8 stones, 2 smoky clear potions and a metallic blue potion.
There is an open door here.
c - 2 smoky clear potions (gained 1)
c - 3 smoky clear potions (gained 1)
p - a metallic blue potion You see here 8 stones.
There is an open door here.
You open the door.
There is an open door here.
Found a stone staircase leading down.
q - a scroll labelled HAUD HASOYFFIGIRPH
r - a scroll labelled FAWUCH ZYCK You open the door.
An endoplasm comes into view.
An endoplasm is nearby!
An endoplasm is nearby!
An endoplasm is nearby!
Found a sapphire potion.
There is an open door here.
The blast of sand hits the endoplasm!
You kill the endoplasm!
d - 2 sapphire potions (gained 1)
A giant cockroach comes into view.
A giant cockroach is nearby!
A giant cockroach is nearby!
The blast of sand hits the giant cockroach.
The giant cockroach is heavily wounded.
The blast of sand hits the giant cockroach!
You kill the giant cockroach!
You now have 69 gold pieces (gained 10).
q - 2 scrolls labelled HAUD HASOYFFIGIRPH (gained 1)
Found a leather armour.
An endoplasm comes into view.
An endoplasm is nearby!
An endoplasm is nearby!
You can't see any susceptible monsters within range! (Use Z to cast anyway.)
You can't see any susceptible monsters within range! (Use Z to cast anyway.)
You can't see any susceptible monsters within range! (Use Z to cast anyway.)
You can't see any susceptible monsters within range! (Use Z to cast anyway.)
The blast of sand hits the endoplasm.
You kill the endoplasm!
You can't see any susceptible monsters within range! (Use Z to cast anyway.)
Found a stone staircase leading up.
An adder comes into view.
An adder is nearby!
An adder is nearby!
Found 4 stones.
The blast of sand hits the adder!
The adder is severely wounded.
The blast of sand hits the adder!
You kill the adder!
Your Spellcasting skill increases to level 3!
You see here an adder corpse.
Found a stone staircase leading down.
q - 5 scrolls labelled HAUD HASOYFFIGIRPH (gained 3)
s - a sedimented grey potion A bat comes into view.
A bat is nearby!
The blast of sand hits the bat.
You kill the bat!
An adder comes into view.
An adder is nearby!
An adder is nearby!
Found a scroll labelled ENKAZXA ZYISK.
The blast of sand misses the adder.
The adder bites you.
You are poisoned.
The adder poisons you!
The blast of sand hits the adder.
The adder is moderately wounded.
You feel sick. The adder closely misses you. The adder bites you.
The blast of sand misses the adder.
You feel sick. The adder barely misses you. The adder bites you.
* * * LOW HITPOINT WARNING * * *
Casting: Sandblast (safe; 7% risk of failure)
Confirm with . or Enter, or press ? or * to list all spells.
Aiming: Sandblast (safe; 7% risk of failure)
Press: ? - help, Shift-Dir - straight line, f/p - adder
Aim: an adder (moderately wounded, 68% to hit)
The blast of sand misses the adder.
You feel sick. The adder bites you.
* * * LOW HITPOINT WARNING * * *
The adder closely misses you.
Casting: Sandblast (safe; 7% risk of failure)
Confirm with . or Enter, or press ? or * to list all spells.
Aiming: Sandblast (safe; 7% risk of failure)
Press: ? - help, Shift-Dir - straight line, f/p - adder
Aim: an adder (moderately wounded, 68% to hit)
The blast of sand hits the adder.
The adder is severely wounded.
* * * LOW HITPOINT WARNING * * *
You feel sick.
You are no longer poisoned.
The adder bites you.
You die...

#.....# #.....#
#.....# #.....#
#.....+ #.....#
+# #..†.S##.# #
#....@.#.##.#
###?#.....#.#..
#.#.#....(#.##...
#.....#.........#
####.#>...... ..
#......<.##.
#.....#....#
#.#......#.###
#...#.#....†.##


You could see an adder.

Vanquished Creatures
  An adder (D:2)
  A dart slug (D:1)
  5 ball pythons (D:1)
  3 endoplasms
  2 giant cockroaches
  A goblin (D:2)
  3 hobgoblins (D:1)
  6 jackals (D:1)
  2 quokkas (D:1)
  5 bats
  2 frilled lizards (D:1)
  3 kobolds (D:1)
  A rat (D:1)
35 creatures vanquished.

Notes
Turn   | Place    | Note
-------+----------+-------------------------------------------
     0 | D:1      | sleeves the Tengu Earth Elementalist began the quest for
                  | the Orb.
     0 | D:1      | Reached XP level 1. HP: 10/10 MP: 4/4
    83 | D:1      | Reached skill level 2 in Conjurations
   132 | D:1      | Reached XP level 2. HP: 15/15 MP: 4/6
   482 | D:1      | Reached XP level 3. HP: 19/19 MP: 2/7
   641 | D:1      | Reached skill level 3 in Conjurations
  1337 | D:2      | Reached skill level 3 in Spellcasting
  1382 | D:2      | HP: 9/19 [adder (3)]
  1383 | D:2      | HP: 4/19 [adder (4)]
  1384 | D:2      | Slain by an adder

Illustrated notes

Levels and vault maps discovered:
D:1:      scummos_arrival_simple_fountains, layout_loops_cross
D:2:      minmay_chambers_of_twos, layout_basic, supply_closet_lemuel

Skill      XL: |  1  2  3 |
---------------+----------+-----
Conjurations   | 2 3 |  3.4
Spellcasting   | 3 |  3.0
Dodging        | |  2.1
Stealth        | |  2.0
Earth Magic    | |  2.1

Action                     || total
---------------------------++-------
  Melee: Unarmed           ||    14
         Kick              ||     1
         Peck              ||     1
   Cast: Sandblast         ||    57
 Armour: Robe              ||    27
  Dodge: Dodged            ||    33

Table legend: (Time is in decaauts)
 A = Elapsed time spent in this place.
 B = Non-inter-level travel time spent in this place.
 C = Inter-level travel time spent in this place.
 D = Time resting spent in this place.
 E = Time spent auto-exploring this place.
 F = Levels seen in this place.
 G = Mean time per level.
                   A        B        C        D        E       F      G
               +--------+--------+--------+--------+--------+-----+--------+
         Total |   1410 |   1404 |      6 |      0 |   1187 |   2 |  705.0 |
       Dungeon |   1410 |   1404 |      6 |      0 |   1187 |   2 |  705.0 |
               +--------+--------+--------+--------+--------+-----+--------+

Top non-repeatable levels by time:
     D:1: 1046 daAuts
     D:2: 364 daAuts
